 Dungeon Crawl Stone Soup version 0.18.1-5-g4a78601 (webtiles) character file.

570 Blondin the Skirmisher (level 7, 0/50 HPs)
             Began as a High Elf Wanderer on May 9, 2016.
             Was a Follower of Makhleb.
             Succumbed to an orc wizard's poison
             ... on level 4 of the Dungeon.
             The game lasted 00:40:43 (4380 turns).

Blondin the Skirmisher (High Elf Wanderer)          Turns: 4380, Time: 00:40:44

Health: 0/50       AC:  6    Str: 12    XL:     7   Next: 11%
Magic:  8/8        EV: 14    Int: 15    God:    Makhleb [*.....]
Gold:   106        SH:  0    Dex: 17    Spells: 0 memorised, 6 levels left

rFire  . . .     SeeInvis .     w - +0 short sword (drain)
rCold  . . .     Gourm    .     b - +1 ring mail
rNeg   . . .     Faith    .     (no shield)
rPois  .         Spirit   .     (no helmet)
rElec  .         Dismiss  .     (no cloak)
rCorr  .         Reflect  .     (no gloves)
SustAt +         Harm     .     (no boots)
MR     .....                    (no amulet)
Stlth  ++........               (no ring)
                                o - ring of sustain attributes

@: lethally poisoned (0 -> -2), exhausted, slowed, very slow, not resistant to
hostile enchantments, unstealthy
A: repulsion field 1
a: Renounce Religion


You were on level 4 of the Dungeon.
You worshipped Makhleb.
Makhleb was aware of your devotion.
You were hungry.

You visited 1 branch of the dungeon, and saw 5 of its levels.

You collected 106 gold pieces.

Inventory:

Hand Weapons
 a - a +2 hand axe
 j - a +0 hand axe of freezing (quivered)
 m - a +0 hunting sling
 s - a +0 morningstar of protection
 w - a +0 short sword of draining (weapon)
Missiles
 e - 48 arrows
 g - 74 stones
 h - 10 sling bullets
Armour
 b - a +1 ring mail (worn)
Jewellery
 o - a ring of sustain attributes (left hand)
Wands
 t - a wand of disintegration (15/24)
Scrolls
 f - 2 scrolls of remove curse
 q - a scroll of magic mapping
Comestibles
 c - 3 chunks of flesh
 d - 2 bread rations
 i - 3 fruits
 r - 3 meat rations
 u - a royal jelly


   Skills:
 + Level 5.3 Fighting
 + Level 3.6 Short Blades
 - Level 1.5 Axes
 - Level 1.0 Throwing
 - Level 4.0 Armour
 + Level 2.7 Dodging
 - Level 3.1 Stealth
 - Level 1.0 Evocations


You had 6 spell levels left.
You didn't know any spells.

Dungeon Overview and Level Annotations

Branches:
Dungeon (5/15)
 Temple: D:4-7

Altars:
Dithmenos
Makhleb
Pakellas
Xom

Annotations:
D:4 Duvessa


Innate Abilities, Weirdness & Mutations

You are surrounded by a mild repulsion field (EV +2).


Message History

There is a stone staircase leading up here.
* * * LOW HITPOINT WARNING * * *
You feel sick.
* * * LOW HITPOINT WARNING * * *
You feel sick.
* * * LOW HITPOINT WARNING * * *
You feel sick.
* * * LOW HITPOINT WARNING * * *
You feel sick.
* * * LOW HITPOINT WARNING * * *
You feel sick.
* * * LOW HITPOINT WARNING * * *
You feel sick.
There is an escape hatch in the ceiling here.
A mysterious force pulls you upwards. The hatch slams shut behind you.
Level annotation: Duvessa
* * * LOW HITPOINT WARNING * * *
You feel sick.
There is a lethal amount of poison in your body!
You die...

.............#...#
.....###..###.##.#
..........# #.##.#
.....###.## #.#..#
.....# #. #.#.##
.###.###.####.#.########
.. ...................#
#.###..#..#####.#
#.###..#.@# #.#
#......#..# #.#
####...#..#####.#
#.........##.#
#..##..##.##.#
##..##..##.##.#
........##.##.#
....#......##.#
##.#.###..##.#


There were no monsters in sight!

Vanquished Creatures
  A giant frog (D:3)
  2 howler monkeys (D:4)
  2 crimson imps (D:3)
  4 orc priests
  An orc wizard (D:4)
  A worker ant (D:4)
  A killer bee zombie (D:4)
  3 gnolls (D:3)
  6 adders
  2 oozes
  A worm (D:2)
  4 dart slugs
  8 orcs
  8 bats
  A giant cockroach (D:3)
  5 goblins
  8 hobgoblins
  4 jackals (D:3)
  3 giant newts
  A jackal skeleton (D:4)
  3 kobolds
  6 rats
75 creatures vanquished.

Notes
Turn   | Place    | Note
--------------------------------------------------------------
     0 | D:1      | Blondin the High Elf Wanderer began the quest for the Orb.
     0 | D:1      | Blondin set off with: a +2 hand axe, a +0 ring mail, a potion of lignification, a bread ration
     0 | D:1      | Reached XP level 1. HP: 16/16 MP: 2/2
   183 | D:1      | Reached skill level 1 in Stealth
   260 | D:1      | Reached XP level 2. HP: 21/21 MP: 3/3
  1024 | D:1      | Reached XP level 3. HP: 26/26 MP: 4/4
  1069 | D:2      | Found a burning altar of Makhleb.
  1525 | D:2      | Became a worshipper of Makhleb the Destroyer
  1704 | D:2      | Found an oddly glowing altar of Pakellas.
  1759 | D:2      | Gained mutation: You are surrounded by a mild repulsion field (EV +2). [potion of beneficial mutation]
  1970 | D:3      | Noticed a giant frog
  1982 | D:3      | Killed a giant frog
  1982 | D:3      | Reached skill level 4 in Fighting
  1982 | D:3      | Reached XP level 4. HP: 25/33 MP: 5/5
  1991 | D:3      | Reached XP level 5. HP: 19/37 MP: 6/6
  2262 | D:3      | Found a shimmering altar of Xom.
  2516 | D:3      | Reached skill level 1 in Short Blades
  2522 | D:3      | Reached * piety under Makhleb
  2706 | D:3      | Reached XP level 6. HP: 44/44 MP: 7/7
  2912 | D:3      | Reached skill level 1 in Dodging
  3146 | D:3      | Found a shadowy altar of Dithmenos.
  3814 | D:4      | Noticed Duvessa
  3856 | D:4      | Reached skill level 5 in Fighting
  4209 | D:4      | Reached XP level 7. HP: 41/50 MP: 8/8
  4371 | D:5      | Entered Level 5 of the Dungeon
  4376 | D:5      | HP: 2/50 [poisoned by an orc wizard]
  4380 | D:4      | Succumbed to an orc wizard's poison

Skill      XL: |  1  2  3  4  5  6 |
---------------+-------------------+-----
Stealth        | 1 2 3 |  3.1
Armour         | 3 4 |  4.0
Fighting       | 4 5 |  5.3
Short Blades   | 1 3 |  3.6
Dodging        | 2 |  2.7
Axes           | |  1.5
Throwing       | |  1.0
Evocations     | |  1.0

Action                   |  1- 3 |  4- 6 |  7- 9 || total
-------------------------+-------+-------+-------++-------
Melee: Short sword       |    50 |   149 |    13 ||   212
       Hand axe          |     6 |   110 |       ||   116
       Morningstar       |       |     6 |       ||     6
 Fire: Hunting sling     |    83 |    59 |     5 ||   147
Throw: Stone             |    12 |     7 |       ||    19
Evoke: Wand              |       |     1 |       ||     1
  Use: Scroll            |    11 |     4 |     1 ||    16
       Potion            |     1 |     6 |     1 ||     8
 Stab: Sleeping          |     1 |       |       ||     1
  Eat: Chunk             |     3 |     5 |       ||     8
       Fruit             |       |     2 |       ||     2
       Beef jerky        |       |     1 |       ||     1
Armor: Ring mail         |    39 |    90 |     4 ||   133
       Skin              |       |    27 |       ||    27
Dodge: Dodged            |    38 |   152 |     5 ||   195
